 Dungeon Crawl Stone Soup version 0.25-a0-420-g1cc7eeb0d1 (webtiles) character file.

Game seed: 6420267043595583093, levelgen mode: deterministic

58349 Kohma the Fencer (level 14, 0/94 HPs)
             Began as a Gargoyle Fighter on Jan 19, 2020.
             Was the Champion of Okawaru.
             Slain by an orc warrior
             ... wielding a +0 trident
              (2 damage)
             ... on level 2 of the Orcish Mines.
             The game lasted 00:54:45 (20156 turns).

Kohma the Fencer (Gargoyle Fighter)                Turns: 20156, Time: 00:54:46

Health: 0/94       AC: 57    Str: 24    XL:     14   Next: 90%
Magic:  0/14       EV: 10    Int: 13    God:    Okawaru [******]
Gold:   3583       SH:  0    Dex:  9    Spells: 13/13 levels left

rFire    . . .     SeeInvis .   t - +7 great sword (elec)
rCold    . . .     Gourm    .   (shield currently unavailable)
rNeg     + . .     Faith    .   d - +16 plate armour of Pleasant Breezes {Int+3}
rPois    ∞         Spirit   +   p - +1 helmet
rElec    +         Reflect  .   o - +0 cloak
rCorr    .         Harm     .   D - +0 pair of gloves
MR       ++...                  w - +2 pair of boots {Stlth+}
Stlth    ..........             y - amulet of guardian spirit
HPRegen  0.25/turn              h - +3 ring of protection
MPRegen  0.14/turn              j - ring of protection from magic

@: heroism
A: big wings, negative energy resistance 1, electricity resistance, unbreathing,
petrification resistance, rot immunity, AC +10
a: Fly, Heroism, Finesse, Renounce Religion


You were on level 2 of the Orcish Mines.
You worshipped Okawaru.
Okawaru was exalted by your worship.
You were not hungry.

You visited 4 branches of the dungeon, and saw 20 of its levels.

You collected 3583 gold pieces.

Inventory:

Hand Weapons
 t - a +7 great sword of electrocution (weapon)
 G - the +3 longbow of Wounding {freeze, rN+ Str+3}
   (Okawaru gifted it to you on level 10 of the Dungeon)

   It causes projectiles fired from it to freeze those they strike, causing
   extra injury to most foes and up to half again as much damage against
   particularly susceptible opponents.
   They can also slow down cold-blooded creatures.
   It affects your strength (+3).
   It protects you from negative energy.
Missiles
 r - 135 poisoned darts (quivered)
Armour
 d - the +16 plate armour of Pleasant Breezes (worn) {Int+3}
   (Okawaru gifted it to you on level 11 of the Dungeon)

   It affects your intelligence (+3).
 o - a +0 cloak (worn)
 p - a +1 helmet (worn)
 w - a +2 pair of boots of stealth (worn)
 D - a +0 pair of gloves (worn)
Jewellery
 h - a +3 ring of protection (left hand)
 j - a ring of protection from magic (right hand)
 k - an uncursed ring of protection from fire
 y - an amulet of guardian spirit (around neck)
 E - an uncursed ring of see invisible
Wands
 q - a wand of enslavement (13)
Scrolls
 e - a scroll of blinking
 g - 12 scrolls of teleportation
 l - 11 scrolls of remove curse
 m - a scroll of fog
 u - 2 scrolls of amnesia
 v - 4 scrolls of identify
Potions
 a - 2 potions of brilliance {unknown}
 b - a potion of ambrosia
 c - a potion of agility
 i - a potion of lignification
 n - 11 potions of curing
 s - 4 potions of haste
 A - 2 potions of cancellation
 B - 3 potions of heal wounds
 C - 3 potions of mutation
Comestibles
 f - 24 rations
 x - 14 chunks of flesh


   Skills:
 - Level 13.0(18.0) Fighting
 * Level 17.0(22.0) Long Blades
   Level 4.1(9.1) Axes
 + Level 11.8(16.8) Armour
   Level 6.0(11.0) Shields


You had 13 spell levels left.
You didn't know any spells.
Your spell library contained the following spells:

 Spells                   Type           Power        Failure   Level  Hunger
 Magic Dart               Conj           #...         91%         1    ##.....
 Pain                     Necr           #...         91%         1    ##.....
 Sandblast                Erth           #.....       91%         1    ##.....
 Shock                    Conj/Air       #...         91%         1    ##.....
 Blink                    Tloc           N/A          97%         2    ###....
 Call Imp                 Summ           #.......     97%         2    ###....
 Passwall                 Tmut/Erth      #.......     97%         2    ###....
 Searing Ray              Conj           #.....       97%         2    ###....
 Slow                     Hex            #.......     97%         2    ###....
 Sticks to Snakes         Tmut           #.......     97%         2    ###....
 Swiftness                Chrm/Air       #.......     97%         2    ###....
 Confusing Touch          Hex            #.......     100%        3    ####...
 Conjure Flame            Conj/Fire      #.......     100%        3    ####...
 Dazzling Flash           Conj/Hex       #.....       100%        3    ####...
 Gell's Gravitas          Tloc           #.........   100%        3    ####...
 Mephitic Cloud           Conj/Pois/Air  #.......     100%        3    ####...
 Static Discharge         Conj/Air       #.......     100%        3    ####...
 Stone Arrow              Conj/Erth      #.....       100%        3    ####...
 Airstrike                Air            #.........   100%        4    #####..
 Fulminant Prism          Conj/Hex       #.........   100%        4    #####..
 Iskenderun's Mystic Bla  Conj/Tloc      #.......     100%        4    #####..
 Petrify                  Tmut/Erth      #.......     100%        4    #####..
 Lightning Bolt           Conj/Air       #.........   100%        5    ######.
 Metabolic Englaciation   Hex/Ice        #.........   100%        5    ######.
 Yara's Violent Unravell  Hex/Tmut       #.........   100%        5    ######.
 Hydra Form               Tmut           #.........   100%        6    #######
 Dragon Form              Tmut           #.........   100%        7    #######
 Shatter                  Erth           #.........   100%        9    #######


Dungeon Overview and Level Annotations

Branches:
Dungeon (11/15)            Temple (1/1) D:7            Lair (6/6) D:9
  Swamp (0/4) Lair:4        Snake (0/4) Lair:4        Slime (0/5) Lair:5
    Orc (2/2) D:11
    Elf: Orc:2

Altars:
Ashenzari
Cheibriados
Dithmenos
Elyvilon
Fedhas
Gozag
Hepliaklqana
Kikubaaqudgha
Makhleb
Nemelex Xobeh
Okawaru
Qazlal
Ru
Sif Muna
Trog
Uskayaw
Vehumet
Wu Jian
Xom
Yredelemnul
Zin
The Shining One

Shops:
D:5 *   Orc:2 %

Annotations:
D:4 3 runed translucent doors, hemabe's ghost, novice HuAr
D:6 3 runed translucent doors, Granthy's ghost, novice GnSk
D:10 2 transporters, exclusion: obsidian statue
D:11 3 runed translucent doors


Innate Abilities, Weirdness & Mutations

You are resistant to torment.
Your stone body is resilient. (AC +10)
You are immune to poison.
Your large and strong wings let you fly indefinitely.
You resist negative energy. (rN+)
You are resistant to electric shocks. (rElec)
You can survive without breathing.
You are immune to petrification.
You are immune to rotting.


Message History

The orc knight hits you but does no damage.
An orc wizard comes into view. It is wielding a +0 dagger.
You hear a shout!
You barely miss the orc priest.
The orc priest is almost dead.
The orc wizard shouts!
The smoke demon disappears in a puff of smoke!
The orc barely misses you.
You riposte.
You open the orc like a pillowcase!!! Lightning courses through the orc!!
You kill the orc!
The orc warrior hits you from afar with a +0 glaive!
* * * LOW HITPOINT WARNING * * *
The orc warrior hits you with a +0 flail!
* * * LOW HITPOINT WARNING * * *
The orc priest hits you but does no damage.
The orc high priest calls down the wrath of Beogh upon you.
Beogh smites you!
* * * LOW HITPOINT WARNING * * *
The orc warrior hits you from afar with a +0 trident.
You die... #......#8.∩. o.o #........⌠.⌠ ooo.

#..#.#..8.8. ..o.
#..#........ .....
#...........
....o############)).........
......o.3..)....)...........
........4ooo[...............
.......3.oo@o...............
.........oo.............#...
............................
............................
.......................#..##
...........................#
..........................##
.........................###
..........................#.


You could see an orc knight, an orc high priest, 2 sun demons, a hellwing, 4 orc
warriors, 2 orc priests and 2 orc wizards.

Vanquished Creatures
  Snorg (D:11)
  6 hydras
  Erolcha (D:9)
  A catoblepas (Lair:6)
  3 two-headed ogres
  A deep troll shaman (Lair:6)
  12 death yaks
  Urug (Orc:1)
  Nergalle (D:10)
  An orc knight (Orc:2)
  An ugly thing (D:11)
  3 orc sorcerers
  A manticore (D:11)
  3 black mambas
  19 elephants
  A centaur zombie (D:11)
  A torpor snail (Lair:5)
  Psyche (D:11)
  13 spiny frogs
  2 rime drakes
  5 komodo dragons
  5 polar bears
  A queen bee (D:10)
  4 trolls
  12 blink frogs
  10 dream sheep (Lair:4)
  6 hippogriffs
  A wyvern (Lair:6)
  27 yaks
  3 basilisks
  3 nagas (Lair:4)
  10 water moccasins
  14 porcupines
  19 orc warriors
  3 ice beasts
  2 phantoms
  A sky beast (D:7)
  3 black bears
  13 ogres
  6 wolves
  2 eyes of draining (D:3)
  3 centaurs
  A necrophage (D:8)
  18 crocodiles
  3 big kobolds
  14 bullfrogs
  3 scorpions
  22 killer bees
  9 wights (D:9)
  An electric eel (Lair:4)
  A howler monkey (D:4)
  4 crimson imps
  A bullfrog zombie (D:10)
  A quasit (D:8)
  4 hounds
  23 orc wizards
  Crazy Yiuf (D:3)
  10 orc priests
  A bullfrog skeleton (D:8)
  2 jellies
  7 iguanas
  A hell rat (D:9)
  5 worker ants
  7 gnolls (D:6)
  9 adders
  2 shadow imps
  An ooze (D:4)
  2 adder skeletons
  2 worms (D:4)
  2 dart slugs
  4 leopard geckos
  77 orcs
  A ball python (D:1)
  4 giant cockroaches
  10 goblins
  13 hobgoblins
  6 jackals
  21 kobolds
  6 quokkas
  5 bats
  6 frilled lizards
  A jackal skeleton (D:6)
  2 leopard gecko skeletons
  3 quokka skeletons (D:4)
  19 rats
  A fungus (Lair:6)
562 creatures vanquished.

Vanquished Creatures (others)
  A killer bee (D:11)
  5 fungi
  2 plants
8 creatures vanquished.

Grand Total: 570 creatures vanquished

Notes
Turn   | Place    | Note
-------+----------+-------------------------------------------
     0 | D:1      | Kohma the Gargoyle Fighter began the quest for the Orb.
     0 | D:1      | Reached XP level 1. HP: 14/14 MP: 1/1
    21 | D:1      | Reached skill level 2 in Long Blades
    38 | D:1      | Reached XP level 2. HP: 19/19 MP: 2/2
   544 | D:1      | Reached XP level 3. HP: 22/23 MP: 3/3
  1136 | D:2      | Found a glowing golden altar of the Shining One.
  1152 | D:2      | Found a shimmering blue altar of Sif Muna.
  1156 | D:2      | Found a shadowy altar of Dithmenos.
  1377 | D:2      | Found a faded altar of an unknown god.
  1675 | D:2      | Noticed a +0 hand axe
  1676 | D:2      | Found a hide-covered altar of Uskayaw.
  1679 | D:2      | Noticed a +0 hand axe
  1801 | D:3      | Found a shimmering altar of Xom.
  1801 | D:3      | Noticed an angel
  1803 | D:3      | Reached XP level 4. HP: 29/29 MP: 4/4
  1804 | D:3      | Found a glowing silver altar of Zin.
  1835 | D:3      | Found a bloodstained altar of Trog.
  1835 | D:3      | Noticed an eye of draining
  1835 | D:3      | Noticed an eye of draining
  1856 | D:3      | Killed an eye of draining
  1856 | D:3      | Reached skill level 3 in Long Blades
  1856 | D:3      | Reached XP level 5. HP: 33/33 MP: 0/5
  1870 | D:3      | Killed an eye of draining
  1870 | D:3      | Reached XP level 6. HP: 39/39 MP: 0/6
  1916 | D:3      | Noticed an ice beast
  1949 | D:3      | Killed an ice beast
  1949 | D:3      | Reached skill level 4 in Long Blades
  2305 | D:3      | Reached XP level 7. HP: 39/44 MP: 2/7
  2564 | D:3      | Found a blossoming altar of Fedhas.
  2763 | D:3      | Reached skill level 1 in Axes
  2902 | D:3      | Found a burning altar of Makhleb.
  3024 | D:3      | Found a runed translucent door.
  3025 | D:3      | Noticed Crazy Yiuf
  3038 | D:3      | Killed Crazy Yiuf
  3038 | D:3      | Reached skill level 5 in Fighting
  3193 | D:4      | Reached skill level 5 in Armour
  3193 | D:4      | Reached skill level 5 in Shields
  3228 | D:4      | Found a runed translucent gate.
  3228 | D:4      | Found a runed translucent gate.
  3228 | D:4      | Found a runed translucent gate.
  3228 | D:4      | Noticed hemabe's ghost (novice HuAr)
  3606 | D:4      | Found a stormy altar of Qazlal.
  4004 | D:4      | Found an ancient bone altar of Kikubaaqudgha.
  4109 | D:5      | Entered Level 5 of the Dungeon
  4193 | D:5      | Reached XP level 8. HP: 49/49 MP: 2/8
  4203 | D:5      | Found Ariceal's Assorted Antiques.
  4281 | D:5      | Found a white marble altar of Elyvilon.
  4899 | D:6      | Found a runed translucent gate.
  4899 | D:6      | Found a runed translucent gate.
  4899 | D:6      | Found a runed translucent gate.
  4906 | D:6      | Noticed Granthy's ghost (novice GnSk)
  5274 | D:5      | Got a translucent scale mail
  5286 | D:5      | Identified the +1 scale mail of the Wasteland {Str+4} (You
                  | found it on level 5 of the Dungeon)
  6117 | D:6      | Found a shadowy altar of Dithmenos.
  6123 | D:6      | Reached skill level 5 in Long Blades
  6308 | D:7      | Found a staircase to the Ecumenical Temple.
  6317 | Temple   | Entered the Ecumenical Temple
  6371 | Temple   | Became a worshipper of Warmaster Okawaru
  6535 | D:7      | Reached XP level 9. HP: 55/55 MP: 9/9
  6955 | D:8      | Noticed a two-headed ogre
  6962 | D:8      | Killed a two-headed ogre
  6962 | D:8      | Reached * piety under Okawaru
  6962 | D:8      | Reached skill level 6 in Long Blades
  7212 | D:8      | Reached skill level 7 in Long Blades
  7371 | D:8      | Reached ** piety under Okawaru
  7806 | D:8      | Found an ornate altar of the Wu Jian Council.
  7852 | D:9      | Reached XP level 10. HP: 63/63 MP: 10/10
  8012 | D:9      | Reached skill level 8 in Long Blades
  8157 | D:9      | Noticed a death yak
  8162 | D:9      | Noticed Erolcha
  8171 | D:9      | Noticed a death yak
  8172 | D:9      | Killed Erolcha
  8172 | D:9      | Reached *** piety under Okawaru
  8175 | D:9      | Noticed a death yak
  8177 | D:9      | Killed a death yak
  8177 | D:9      | Reached **** piety under Okawaru
  8177 | D:9      | Reached skill level 9 in Long Blades
  8194 | D:9      | Killed a death yak
  8194 | D:9      | Reached ***** piety under Okawaru
  8200 | D:9      | Killed a death yak
  8200 | D:9      | Reached skill level 10 in Long Blades
  8200 | D:9      | Reached XP level 11. HP: 33/71 MP: 6/11
  8789 | D:9      | Identified Zorchil's Grimoire of Lethal Changing
  8958 | D:9      | Found a staircase to the Lair.
  9128 | Lair:1   | Entered Level 1 of the Lair of Beasts
  9138 | Lair:1   | You fall into a shaft and drop 1 floor!
  9345 | Lair:1   | Noticed a death yak
  9345 | Lair:1   | Noticed a death yak
  9345 | Lair:1   | Noticed a death yak
  9345 | Lair:1   | Noticed a death yak
  9358 | Lair:2   | Killed a death yak
  9358 | Lair:2   | Reached skill level 10 in Fighting
  9358 | Lair:2   | Reached skill level 11 in Long Blades
  9361 | Lair:2   | Killed a death yak
  9581 | Lair:2   | Killed a death yak
  9589 | Lair:2   | Killed a death yak
  9888 | Lair:1   | Received a gift from Okawaru
 10163 | Lair:1   | Reached skill level 12 in Long Blades
 10627 | Lair:2   | Reached XP level 12. HP: 48/80 MP: 6/12
 10801 | Lair:2   | Noticed a seven-headed hydra
 10814 | Lair:2   | Killed a 12-headed hydra
 11306 | Lair:2   | Identified a scroll of acquirement
 11800 | D:10     | Entered Level 10 of the Dungeon
 11893 | D:10     | Noticed a two-headed ogre
 11901 | D:10     | Killed a two-headed ogre
 11901 | D:10     | Reached ****** piety under Okawaru
 11901 | D:10     | Reached skill level 13 in Long Blades
 12021 | D:10     | Found a transporter.
 12021 | D:10     | Found a transporter.
 12023 | D:10     | Noticed a stone giant
 12024 | D:10     | Noticed a fire dragon
 12099 | D:10     | Received a gift from Okawaru
 12100 | D:10     | Got a twisted longbow {god gift}
 12126 | D:10     | Identified the +3 longbow of Wounding {freeze, rN+ Str+3}
                  | (Okawaru gifted it to you on level 10 of the Dungeon)
 12556 | D:11     | Noticed Nergalle
 12586 | D:10     | Killed Nergalle
 12743 | D:11     | Found a staircase to the Orcish Mines.
 12796 | D:11     | Noticed a two-headed ogre
 12802 | D:11     | Killed a two-headed ogre
 13111 | D:11     | Noticed Psyche
 13116 | D:11     | Killed Psyche
 13170 | D:11     | Noticed Snorg
 13186 | D:11     | Killed Snorg
 13186 | D:11     | Received a gift from Okawaru
 13186 | D:11     | Reached skill level 14 in Long Blades
 13186 | D:11     | Reached XP level 13. HP: 78/87 MP: 8/13
 13215 | D:11     | Got an ancient plate armour {god gift}
 13226 | D:11     | Identified the +16 plate armour of Pleasant Breezes {Int+3}
                  | (Okawaru gifted it to you on level 11 of the Dungeon)
 13899 | D:11     | Found a runed translucent gate.
 13899 | D:11     | Found a runed translucent gate.
 13899 | D:11     | Noticed a cyan very ugly thing
 13900 | D:11     | Found a runed translucent gate.
 15072 | Lair:4   | Found a staircase to the Snake Pit.
 15442 | Lair:4   | Found a staircase to the Swamp.
 15456 | Lair:4   | Received a gift from Okawaru
 15456 | Lair:4   | Reached skill level 15 in Long Blades
 16139 | Lair:5   | Received a gift from Okawaru
 16149 | Lair:5   | Reached skill level 10 in Armour
 16149 | Lair:5   | Gained mutation: Your large and strong wings let you fly
                  | indefinitely. [Gargoyle growth]
 16149 | Lair:5   | Reached XP level 14. HP: 62/94 MP: 11/14
 16918 | Lair:5   | Found a staircase to the Slime Pits.
 17052 | Lair:6   | Entered Level 6 of the Lair of Beasts
 17225 | Lair:6   | Reached skill level 16 in Long Blades
 17881 | Lair:6   | Identified the Grimoire of the Curious Princes
 18123 | Lair:6   | Received a gift from Okawaru
 18853 | Orc:1    | Entered Level 1 of the Orcish Mines
 18877 | Orc:1    | Noticed Urug
 18891 | Orc:1    | Killed Urug
 19010 | Orc:2    | Entered Level 2 of the Orcish Mines
 19048 | Orc:1    | Paralysed by an orc sorcerer for 2 turns
 19889 | Orc:2    | Found Nieruh's Food Shop.
 19952 | Orc:2    | Reached skill level 17 in Long Blades
 20156 | Orc:2    | HP: 2/94 [orc high priest/divine providence (10)]
 20156 | Orc:2    | Slain by an orc warrior

Levels and vault maps discovered:
D:1:      erik_arrival_orb_chamber, layout_basic
D:2:      layout_loops_corners, dancing_weapons_uskayaw,
          minmay_overflow_temple_star_quad, chequers_ecumenical_altar_twisty
D:3:      layout_rooms, grunt_temple_overflow_order_and_chaos_1,
          trog_eyes_of_draining, fedhas_altar_3, makhleb_blood_cavern_becter,
          first_ration, uniq_crazy_yiuf_cottage
D:4:      layout_basic, nicolae_qazlal_general_emergency,
          lemuel_coloured_pillars_altar, gammafunk_ghost_necromancy,
          minmay_diced_spiral
D:5:      layout_loops_ring, lemuel_round_altar, serial_shops,
          kennysheep_mini_moat, hex_large, hangedman_decor_diamond_cutter
D:6:      layout_cave_pools, gammafunk_ghost_split, grunt_dithmenos_shadows
D:7:      layout_basic, minmay_temple_entry_mist
D:8:      layout_cave_pools, kennysheep_mini
D:9:      layout_loops_corners, dpeg_lair_monsters, uniq_erolcha
D:10:     gammafunk_sealed_arena, layout_irregular_city, david_nohive_1
D:11:     layout_basic, david_orc_4,
          ploomutoo_gammafunk_ghost_potion_laboratory, uniq_psyche,
          uniq_nergalle, uniq_snorg
Temple:   nicolae_temple_figure_zero
Lair:1:   layout_roguey
Lair:2:   layout_misc_corridors, minmay_shattered_shrine
Lair:3:   layout_gridlike, beast_lair_carwin_8
Lair:4:   layout_roguey, minmay_swamp_entry_reptiles,
          guppyfry_snake_entry_island, gammafunk_lair_bear_cave,
          grunt_megastairs_1
Lair:5:   layout_small_grid, dpeg_slime_entry_corner, grunt_megastairs_5,
          infiniplex_staircase_pool
Lair:6:   grunt_lair_end_beastmaster, layout_gridlike, grunt_megastairs_4
Orc:1:    layout_caves, uniq_urug
Orc:2:    st_orc_congregation, layout_caves, serial_shops,
          nicolae_shop_temple_entry_statues_fountains, nicolae_alphabet_shops

Skill      XL: |  1  2  3  4  5  6  7  8  9 10 11 12 13 14 |
---------------+-------------------------------------------+-----
Long Blades    | 2 3 4 5 7 10 12 14 15 17 | 17.0
Fighting       | 4 5 7 9 11 12 13 | 13.0
Armour         | 4 5 6 8 10 11 | 11.8
Shields        | 4 5 6 |  6.0
Axes           | 3 4 |  4.1

Action                   |  1- 3 |  4- 6 |  7- 9 | 10-12 | 13-15 || total
-------------------------+-------+-------+-------+-------+-------++-------
Melee: Long sword        |   172 |    45 |       |       |       ||   217
       War axe           |       |    96 |   232 |       |       ||   328
       Great sword       |       |       |   104 |   355 |   667 ||  1126
Throw: Dart              |       |       |     2 |    14 |    10 ||    26
Invok: Heroism           |       |       |       |     1 |     1 ||     2
  Use: Potion            |       |     1 |       |     3 |       ||     4
       Scroll            |       |       |    22 |    10 |     5 ||    37
 Stab: Invisible         |       |       |       |     1 |       ||     1
       Distracted        |       |       |       |       |     1 ||     1
       Petrified         |       |       |       |       |     4 ||     4
  Eat: Chunk             |     3 |     2 |    10 |    16 |    16 ||    47
       Ration            |       |       |     2 |     1 |     2 ||     5
Armor: Scale mail        |   129 |    57 |   214 |   311 |     8 ||   719
       Ring mail         |       |       |    28 |       |       ||    28
       Chain mail        |       |       |    24 |       |       ||    24
       Plate armour      |       |       |    20 |       |  1010 ||  1030
Dodge: Dodged            |    53 |    26 |   183 |   245 |   374 ||   881
Block: Shield            |   104 |    60 |   140 |       |       ||   304
       Rpst.: Long sword |    20 |     1 |       |       |       ||    21
       Great sword       |       |       |    34 |    69 |    83 ||   186

Table legend:
 A = Non-vault XP
 B = Vault XP
 C = Vault XP percentage of total XP
 D = Non-vault monster count
 E = Vault monster count
 F = Vault count percentage of total count
                 A         B        C        D         E       F
            +---------+---------+-------+---------+---------+-------
      Total |   56749 |   26608 |  31.9 |     434 |     127 |  22.6
            +---------+---------+-------+---------+---------+-------
        D:1 |      40 |      12 |  23.1 |      22 |      12 |  35.3
        D:2 |      29 |       0 |   0.0 |      17 |       0 |   0.0
        D:3 |     395 |     329 |  45.4 |      40 |       6 |  13.0
        D:4 |     316 |      47 |  12.9 |      14 |       6 |  30.0
        D:5 |     156 |       0 |   0.0 |       8 |       0 |   0.0
        D:6 |     682 |     124 |  15.4 |      30 |       1 |   3.2
        D:7 |     425 |       0 |   0.0 |       9 |       0 |   0.0
        D:8 |    1816 |       0 |   0.0 |      22 |       0 |   0.0
        D:9 |    2080 |    3745 |  64.3 |      35 |       7 |  16.7
       D:10 |    1381 |    1909 |  58.0 |      11 |      15 |  57.7
       D:11 |    4242 |    2286 |  35.0 |      28 |      18 |  39.1
     Lair:1 |    2546 |       0 |   0.0 |      11 |       0 |   0.0
     Lair:2 |    9021 |    2202 |  19.6 |      29 |       7 |  19.4
     Lair:3 |    7529 |    1714 |  18.5 |      26 |      12 |  31.6
     Lair:4 |    3723 |    2975 |  44.4 |      16 |      11 |  40.7
     Lair:5 |    8212 |    1741 |  17.5 |      25 |       4 |  13.8
     Lair:6 |    8647 |    8267 |  48.9 |      32 |      16 |  33.3
      Orc:1 |    3690 |     824 |  18.3 |      43 |       1 |   2.3
      Orc:2 |    1819 |     433 |  19.2 |      16 |      11 |  40.7
            +---------+---------+-------+---------+---------+-------
